 Dungeon Crawl Stone Soup version 0.27-a0-1090-gb115f176c6 (webtiles) character file.

Game seed: 10005130040767499563

4715 rageheart7 the Fighter (level 10, -7/93 HPs)
             Began as a Green Draconian Transmuter on Apr 28, 2021.
             Was a Follower of Okawaru.
             Mangled by a komodo dragon (32 damage)
             ... on level 8 of the Dungeon.
             The game lasted 00:19:03 (9579 turns).

rageheart7 the Fighter (Green Draconian Transmuter) Turns: 9579, Time: 00:19:04

Health: -7/93      AC:  2    Str: 23    XL:     10   Next: 22%
Magic:  12/13      EV: 21    Int: 14    God:    Okawaru [*.....]
Gold:   530        SH:  0    Dex: 20    Spells: 5/13 levels left

rFire    . . .     SeeInvis .     - Unarmed
rCold    . . .     Faith    .   (shield currently unavailable)
rNeg     . . .     Spirit   .   (armour unavailable)
rPois    .         Reflect  .   (helmet currently unavailable)
rElec    .         Harm     .   (cloak currently unavailable)
rCorr    .         Rampage  .   (gloves currently unavailable)
Will     +....                  (boots currently unavailable)
Stlth    +.........             (no amulet)
HPRegen  0.25/turn              b - ring of willpower
MPRegen  0.13/turn              a - ring "Gyruyc" {*Slow rPois Str+7 Dex+4 Slay+2}

@: spider-form (expiring), very slow
A: venomous fangs, (breathe noxious fumes), AC +7, tiny, unfitting armour,
(poison resistance), (cold-blooded)
a: End Transformation, Renounce Religion, Heroism


You were on level 8 of the Dungeon.
You worshipped Okawaru.
Okawaru was aware of your devotion.
You were a venomous arachnid creature.
You visited 2 branches of the dungeon, and saw 9 of its levels.

You collected 530 gold pieces.

Inventory:

Missiles
 f - a curare-tipped dart
 k - a throwing net
Armour
 i - a +0 pair of boots (melded)
 n - a +1 cloak (melded)
 p - a +1 pair of gloves (melded)
 q - a +2 hat (melded)
Jewellery
 a - the ring "Gyruyc" (right front leg) {*Slow rPois Str+7 Dex+4 Slay+2}
   (You acquired it on level 2 of the Dungeon)

   [ring of poison resistance]

   It affects your strength (+7).
   It affects your dexterity (+4).
   It affects your accuracy and damage with ranged weapons and melee attacks
   (+2).
   It protects you from poison.
   It may slow you when you take damage.
 b - a ring of willpower (left front leg)
Wands
 m - a wand of flame (41)
 s - a wand of mindburst (22)
Scrolls
 h - a scroll of identify
 l - a scroll of teleportation
 r - a scroll of enchant armour
 t - a scroll of blinking {unknown}
 u - a scroll of vulnerability {unknown}
 v - a scroll of silence
Potions
 c - 2 potions of haste
 d - 2 potions of flight
 e - a potion of resistance
 g - 3 potions of curing
 j - 2 potions of brilliance
 o - 2 potions of attraction


   Skills:
 - Level 10.0 Fighting
 + Level 3.3 Dodging
 - Level 10.0 Unarmed Combat
 - Level 2.0 Spellcasting
 * Level 5.3 Transmutations
 - Level 5.0 Poison Magic


You had 5 spell levels left.
You knew the following spells:

 Your Spells              Type           Power      Damage    Failure   Level
a - Hydra Form            Tmut           8%         N/A       78%         5
b - Spider Form           Tmut/Pois      7%         N/A       22%         3

Your spell library contained the following spells:

 Spells                   Type           Power      Damage    Failure   Level
 Beastly Appendage        Tmut           32%        N/A       10%         1
 Wereblood                Tmut           16%        N/A       13%         2
 Magic Dart               Conj           4%         1d3       45%         1
 Searing Ray              Conj           2%         3d3       56%         2
 Confusing Touch          Hex            1%         N/A       77%         3
 Dazzling Flash           Conj/Hex       2%         N/A       77%         3
 Gell's Gravitas          Tloc           0%         N/A       77%         3
 Ice Form                 Ice/Tmut       8%         N/A       80%         4
 Petrify                  Tmut/Erth      8%         N/A       80%         4
 Fulminant Prism          Conj/Hex       0%         3d6       98%         4
 Iskenderun's Mystic Bla  Conj/Tloc      1%         2d3       98%         4
 Yara's Violent Unravell  Hex/Tmut       4%         3d4       98%         5
 Metabolic Englaciation   Hex/Ice        0%         N/A       100%        5


Dungeon Overview and Level Annotations

Branches:
Dungeon (8/15)             Temple (1/1) D:7
   Lair: D:8-11

Altars:
Ashenzari
Dithmenos
Elyvilon
Fedhas
Gozag
Hepliaklqana
Kikubaaqudgha
Okawaru
Qazlal
Ru
Trog
Uskayaw
Wu Jian
Xom
Yredelemnul
Zin
The Shining One
Beogh

Shops:
D:3 ?

Annotations:
D:7 1 transporter, FritzCouch's ghost, novice MiBe; Grum


Innate Abilities, Weirdness & Mutations

You are a venomous arachnid creature.
You have poisonous fangs.
You are tiny and dextrous.
Your spellcasting is less reliable in this form.
Your armour is entirely melded.
You are incapable of wielding weapons or throwing items.
((You can breathe blasts of noxious fumes.))
((Your lurid green scales are hard. (AC +7)))
You cannot fit into any form of body armour.
((Your system is resistant to poisons. (rPois)))
((You are cold-blooded and may be slowed by cold attacks.))


Message History

You destroy the centaur zombie!
Okawaru accepts your kill.
A nearby plant withers and dies.
A yak comes into view.
You enter the shallow water.
Moving in this stuff is going to be slow.
The yak bellows!
The komodo dragon misses you. x2
You bite the yak!
The yak looks as sick as possible!
The yak is heavily wounded.
The yak completely misses you. The komodo dragon bites you.
Your unstable footing causes you to fumble your attack.
The komodo dragon barely misses you.
You bite the yak!
You kill the yak!
Okawaru accepts your kill.
Your unstable footing causes you to fumble your attack.
The komodo dragon bites you but does no damage.
The yak gores the plant.
The plant begins to die.
You barely miss the komodo dragon.
The komodo dragon hisses menacingly.
The komodo dragon bites you!
You hit the komodo dragon but do no damage.
The komodo dragon is poisoned.
The komodo dragon bites you!
Your unstable footing causes you to fumble your attack.
The komodo dragon barely misses you.
Your unstable footing causes you to fumble your attack.
The yak gores you.
You hit the komodo dragon but do no damage.
The komodo dragon looks as sick as possible!
The komodo dragon bites you!! The yak misses you.
Your transformation is almost over.
A nearby plant withers and dies.
The komodo dragon barely misses you.
You see here a +0 leather armour.
The yak gores you!
* * * LOW HITPOINT WARNING * * *
You enter the shallow water.
Moving in this stuff is going to be slow.
The komodo dragon bites you!!
You die...

*,,,,≈≈≈*≈≈≈≈,* #####.....###
**≈≈≈≈*≈≈≈≈≈≈#.######.....♣≈≈♣♣P≈
,≈≈≈≈*≈≈,,,≈*#........≈≈≈≈≈♣PP♣≈♣
≈≈≈≈*≈≈,≈****#####.P≈P♣♣≈≈≈P≈≈≈≈≈
≈*≈≈*≈≈*** #####..♣≈≈≈P♣≈≈♣≈≈≈≈≈
≈≈**≈≈.≈* ##.....♣♣≈≈≈♣≈≈≈≈≈≈≈≈≈
≈≈≈**≈≈≈####.....♣≈P≈≈≈≈≈≈≈≈≈≈≈≈≈
≈≈*≈≈≈≈≈≈....!..♣≈≈≈≈≈≈≈≈≈≈≈≈≈≈≈≈
,≈≈≈*≈♣≈≈≈..≈†Yls♣≈≈≈≈≈≈≈≈≈≈≈≈≈≈≈
≈≈≈≈≈≈≈≈♣≈≈≈≈≈.Y♣≈≈≈♣≈≈≈≈≈≈≈≈≈≈≈≈
***≈≈,≈≈≈≈♣≈≈≈...P≈≈≈≈≈≈≈≈≈≈≈≈≈≈≈
***,≈≈≈≈≈≈.≈....≈♣≈≈♣≈≈≈≈≈≈≈≈≈≈
***#####......♣♣P≈P≈≈P≈P≈≈≈≈≈
#######.....#♣♣♣♣♣♣≈≈≈PP≈≈≈
##....##....## *≈≈≈**≈*≈♣≈♣
#.....##....## *****≈≈*≈≈≈*
#....!#......# ****#,**


You could see a komodo dragon (extremely poisoned) and 2 yaks.

Vanquished Creatures
  Pikel (D:5)
  Joseph (D:8)
  A wyvern (D:8)
  Sigmund (D:5)
  A yak (D:8)
  A water moccasin (D:8)
  3 orc warriors
  A hornet zombie (D:7)
  2 ice beasts
  A sky beast (D:4)
  A black bear (D:7)
  3 necrophages
  A wolf (D:7)
  3 ogres
  4 centaurs
  A kobold brigand (D:6)
  2 gnoll sergeants
  Blork the orc (D:5)
  3 scorpions
  2 wyvern zombies (D:7)
  A vampire bat (D:4)
  6 electric eels (D:8)
  3 centaur zombies
  5 orc priests
  A jelly (D:5)
  A centaur skeleton (D:5)
  2 hounds
  Jessica (D:2)
  4 orc wizards
  2 iguanas
  Natasha (D:2)
  A killer bee zombie (D:5)
  5 adders
  10 gnolls
  A shadow imp (D:3)
  An adder skeleton (D:4)
  6 worms
  The ghost of marklar909 the Sneak, a weakling PaDe (D:5)
  3 dart slugs
  3 fire bats (D:4)
  23 orcs
  2 spectral bats (D:4)
  8 ball pythons
  19 bats
  3 bat skeletons (D:4)
  A bat zombie (D:4)
  5 endoplasms
  3 giant cockroaches
  5 goblins
  9 hobgoblins
  11 jackals
  3 quokkas
  A bat simulacrum (D:4)
  3 frilled lizards
  17 kobolds
  5 rats
210 creatures vanquished.

Vanquished Creatures (others)
  46 plants
46 creatures vanquished.

Grand Total: 256 creatures vanquished

Notes
Turn   | Place    | Note
-------+----------+-------------------------------------------
     0 | D:1      | rageheart7 the Draconian Transmuter began the quest for the
                  | Orb.
     0 | D:1      | Reached XP level 1. HP: 16/16 MP: 3/3
   197 | D:1      | Reached XP level 2. HP: 24/24 MP: 3/5
   739 | D:1      | Reached XP level 3. HP: 11/30 MP: 6/6
  1283 | D:1      | Found a faded altar of an unknown god.
  1342 | D:1      | You fall into a shaft and drop 1 floor!
  1504 | D:2      | Found a glowing golden altar of the Shining One.
  1505 | D:2      | Noticed Jessica
  1511 | D:2      | Killed Jessica
  1512 | D:2      | Reached XP level 4. HP: 36/38 MP: 5/7
  1640 | D:2      | Noticed Natasha
  1646 | D:2      | Killed Natasha
  1975 | D:2      | Identified a scroll of acquirement
  1975 | D:2      | Acquired the ring "Gyruyc" {*Slow rPois Str+7 Dex+4 Slay+2}
  1982 | D:2      | Learned a level 3 spell: Spider Form
  2020 | D:3      | Reached XP level 5. HP: 42/46 MP: 6/8
  2026 | D:3      | Found a shadowy altar of Dithmenos.
  2307 | D:3      | Found a broken altar of Ashenzari.
  2336 | D:3      | Noticed a necrophage
  2346 | D:3      | Killed a necrophage
  2347 | D:3      | Reached skill level 5 in Unarmed Combat
  2382 | D:3      | Found Uwij Ber's Magic Scroll Boutique.
  3026 | D:4      | Reached XP level 6. HP: 50/53 MP: 9/9
  3054 | D:4      | Found an opulent altar of Gozag.
  3211 | D:4      | Noticed a sky beast
  3217 | D:4      | Killed a sky beast
  3218 | D:4      | Reached skill level 5 in Fighting
  3907 | D:5      | Entered Level 5 of the Dungeon
  3943 | D:5      | Your scales start taking on a lurid green colour.
  3943 | D:5      | Reached XP level 7. HP: 36/62 MP: 8/10
  3943 | D:5      | Gained mutation: Your system is resistant to poisons.
                  | (rPois) [Green Draconian growth]
  4156 | D:5      | Noticed Sigmund
  4183 | D:5      | Killed Sigmund
  4265 | D:5      | Reached XP level 8. HP: 16/73 MP: 5/11
  4876 | D:5      | Noticed Blork the orc
  4885 | D:5      | Killed Blork the orc
  4903 | D:5      | Noticed Pikel
  4920 | D:5      | Killed Pikel
  5143 | D:5      | Found a runed translucent gate.
  5144 | D:5      | Found a runed translucent gate.
  5145 | D:5      | Found a runed translucent gate.
  5145 | D:5      | Identified the +9 plate armour "Puat Ywn" {rF+ rCorr}
  5146 | D:5      | Identified the +1 dagger of the Wars {flame, rF+ Str+6
                  | Int-5 Dex+2}
  5146 | D:5      | Identified the +1 leather armour of Somewhere Else {rF+
                  | Str+4}
  5146 | D:5      | Noticed marklar909's ghost (weakling PaDe)
  5494 | D:5      | Killed marklar909's ghost
  5824 | D:6      | Reached XP level 9. HP: 65/83 MP: 5/12
  7143 | D:7      | Reached skill level 1 in Poison Magic
  7295 | D:7      | Reached skill level 10 in Fighting
  7565 | D:7      | Reached skill level 10 in Unarmed Combat
  7573 | D:7      | Noticed FritzCouch's ghost (novice MiBe)
  7636 | D:7      | Found a staircase to the Ecumenical Temple.
  7656 | D:7      | Identified the ring "Pufotwye" {rPois rF+ Will+ EV+4 SInv}
  7667 | D:7      | Found a transporter.
  7711 | Temple   | Entered the Ecumenical Temple
  7777 | Temple   | Became a worshipper of Warmaster Okawaru
  7849 | D:7      | Found a transporter.
  7863 | D:7      | Noticed Grum
  7863 | D:7      | Identified the +9 trident "Jotull" {pain, rC+ rN+}
  7863 | D:7      | Identified the +0 scale mail of Jigsaw {rElec rN+ SInv}
  7983 | D:7      | Learned a level 5 spell: Hydra Form
  8656 | D:8      | Reached * piety under Okawaru
  8943 | D:8      | Reached XP level 10. HP: 83/93 MP: 9/13
  9006 | D:8      | Noticed Joseph
  9026 | D:8      | Killed Joseph
  9027 | D:8      | Reached skill level 5 in Poison Magic
  9458 | D:8      | Reached skill level 5 in Transmutations
  9579 | D:8      | Mangled by a komodo dragon

Illustrated notes

Levels and vault maps discovered:
D:1:      lightli_arrival_maybe_door_vault, layout_basic, basic_ecumenical_altar
D:2:      layout_loops_ring, basic_altar, uniq_natasha, uniq_jessica,
          uniq_terence
D:3:      layout_basic, grunt_dithmenos_smoke_and_mirrors, lemuel_tele_altar,
          serial_shops, shop
D:4:      layout_basic, old_standard_altar, goddamned_bats
D:5:      cheibrodos_helix_gallery, layout_rooms, portal_sewer_entry_d,
          biasface_ghost_orc_armoury, uniq_pikel, uniq_sigmund,
          uniq_blork_the_orc
D:6:      layout_loops_ring
D:7:      layout_cave_pools, minmay_temple_entry_mist,
          gammafunk_ghost_gnarly_gnolls
D:8:      layout_gridville, serial_bayou, serial_bayou_lake_a,
          serial_bayou_pond_b, serial_bayou_lagoon_a, serial_bayou_shore_a,
          corexii_checkpoint_a, minmay_misc_feat_rows, minmay_sticks_and_stones
Temple:   zaba_magenta_temple

Skill      XL: |  1  2  3  4  5  6  7  8  9 10 |
---------------+-------------------------------+-----
Fighting       | 2 3 4 5 7 9 10 | 10.0
Unarmed Combat | 4 5 6 7 8 10 | 10.0
Poison Magic   | 4 5 |  5.0
Transmutations | 4 5 |  5.3
Dodging        | 2 3 |  3.3
Spellcasting   | |  2.0

Action                   |  1- 3 |  4- 6 |  7- 9 | 10-12 || total
-------------------------+-------+-------+-------+-------++-------
Melee: Unarmed           |   113 |   156 |   238 |    32 ||   539
       Headbutt          |     7 |    16 |     1 |       ||    24
       Tailslap          |     5 |    15 |    13 |       ||    33
       Kick              |    23 |    27 |     1 |       ||    51
       Punch             |     1 |       |     6 |       ||     7
 Cast: Beastly Appendage |    23 |    28 |     1 |       ||    52
       Spider Form       |       |     1 |    28 |     2 ||    31
Invok: Heroism           |       |       |       |     1 ||     1
 Abil: Breathe Noxious F |       |       |     5 |     1 ||     6
Evoke: Wand              |       |       |       |     6 ||     6
  Use: Potion            |     1 |     2 |     3 |       ||     6
       Scroll            |       |     9 |     8 |       ||    17
 Stab: Sleeping          |       |     1 |       |       ||     1
       Confused          |       |       |     1 |       ||     1
Armor: Skin              |    40 |    63 |    75 |     1 ||   179
Dodge: Dodged            |    77 |   112 |   162 |    21 ||   372

Table legend: (Time is in decaauts)
 A = Elapsed time spent in this place.
 B = Non-inter-level travel time spent in this place.
 C = Inter-level travel time spent in this place.
 D = Time resting spent in this place.
 E = Time spent auto-exploring this place.
 F = Levels seen in this place.
 G = Mean time per level.
                   A        B        C        D        E       F      G
               +--------+--------+--------+--------+--------+-----+--------+
         Total |   9545 |   9261 |    284 |    262 |   7474 |   9 | 1060.6 |
       Dungeon |   9465 |   9193 |    272 |    262 |   7420 |   8 | 1183.1 |
        Temple |     79 |     67 |     12 |      0 |     54 |   1 |   79.0 |
               +--------+--------+--------+--------+--------+-----+--------+

Top non-repeatable levels by time:
     D:7: 1466 daAuts
     D:4: 1442 daAuts
     D:6: 1345 daAuts
     D:1: 1337 daAuts
     D:5: 1305 daAuts
     D:8: 1055 daAuts
     D:3: 861 daAuts
     D:2: 651 daAuts
  Temple: 79 daAuts
